 Dungeon Crawl Stone Soup version 0.19.5 (webtiles) character file.

482 Grujah the Skirmisher (level 6, -1/56 HPs)
             Began as a Draconian Berserker on May 6, 2017.
             Was a Priest of Trog.
             Slain by a scorpion (7 damage)
             ... on level 4 of the Dungeon.
             The game lasted 00:18:27 (3691 turns).

Grujah the Skirmisher (Draconian Berserker)         Turns: 3691, Time: 00:18:28

Health: -1/56      AC:  7    Str: 19    XL:     6   Next: 87%
Magic:  6/6        EV: 13    Int:  7    God:    Trog [***...]
Gold:   160        SH:  4    Dex: 13    Spells: 0 memorised, 5 levels left

rFire  . . .     SeeInvis .     v - +0 flail
rCold  . . .     Gourm    .     (armour unavailable)
rNeg   . . .     Faith    .     l - +0 buckler
rPois  .         Spirit   .     (helmet restricted)
rElec  .         Reflect  .     (no cloak)
rCorr  +         Harm     .     p - +0 pair of gloves
MR     .....                    (no boots)
Stlth  ++........               (no amulet)
                                (no ring)
                                n - ring of resist corrosion

@: lethally poisoned (-1 -> -9), exhausted
A: unfitting armour, cold-blooded, AC +6
a: Berserk, Trog's Hand, Burn Spellbooks, Renounce Religion


You were on level 4 of the Dungeon.
You worshipped Trog.
Trog was most pleased with you.
You were not hungry.

You visited 2 branches of the dungeon, and saw 5 of its levels.

You collected 160 gold pieces.

Inventory:

Hand Weapons
 a - a +1 mace
 f - a cursed -1 club
 h - a +0 club
 m - a +3 halberd of chopping
 q - a +0 whip
 v - a +0 flail (weapon)
Missiles
 b - 2 tomahawks (quivered)
 g - 35 arrows
 i - 8 poisoned needles
Armour
 d - a +0 robe
 k - a +0 scale mail
 l - a +0 buckler (worn)
 p - a +0 pair of gloves (worn)
Jewellery
 n - a ring of resist corrosion (left hand)
Scrolls
 j - a scroll of fear
 r - a scroll of teleportation
 x - a scroll of random uselessness
Potions
 e - a potion of degeneration
 o - a potion of cancellation
 t - 3 potions of agility
 B - a potion of lignification
Comestibles
 c - a bread ration
 u - a slice of pizza
 z - a chunk of flesh


   Skills:
 + Level 5.4 Fighting
 + Level 4.9 Maces & Flails
 - Level 3.9 Dodging
 - Level 1.6 Stealth
 + Level 2.3 Shields


You had 5 spell levels left.
You didn't know any spells.

Dungeon Overview and Level Annotations

Branches:
Dungeon (4/15)             Temple (1/1) D:4

Altars:
Ashenzari
Cheibriados
Fedhas
Gozag
Hepliaklqana
Kikubaaqudgha
Makhleb
Okawaru
Ru
Sif Muna
Uskayaw
Vehumet
Xom
Yredelemnul


Innate Abilities, Weirdness & Mutations

Your plain brown scales are hard. (AC +6)
You cannot fit into any form of body armour.
You are cold-blooded and may be slowed by cold attacks.


Message History

The scorpion poisons you! You block the scorpion's attack.
You barely miss the scorpion.
The scorpion is heavily wounded.
You feel yourself speed up.
You feel sick. The scorpion stings you. You block the scorpion's attack.
You completely miss the scorpion. You tail-slap the scorpion.
The scorpion is severely wounded.
You feel sick. The scorpion barely misses you.
Your shield prevents you from hitting the scorpion.
The scorpion is severely wounded.
You feel sick. The scorpion closely misses you.
You closely miss the scorpion.
The scorpion is severely wounded.
You feel sick. The scorpion stings you!
* * * LOW HITPOINT WARNING * * *
You closely miss the scorpion. You tail-slap the scorpion.
The scorpion is almost dead.
* * * LOW HITPOINT WARNING * * *
You feel sick. The scorpion stings you!
You die...

#...#.#####.# #
#####.......# #
#.####### #
##)## # ##)..##
# ##.....##
##.......##
#........>####.
#####
+......@s.'....
.....
#.........#....
...####
##.......##$# #
##.####
##.....##
......# ###
##...## ###.##..
..# ##+##
...##.# #.#
###.# ###
#..##.# #.# #...
..# #..##.# #.#
##.#
#.#.##.###..##..


You could see a scorpion.

Vanquished Creatures
  A bullfrog (D:4)
  A scorpion (D:4)
  A bullfrog skeleton (D:4)
  An orc priest (D:4)
  Jessica (D:3)
  2 orc wizards
  2 worker ants (D:4)
  5 adders
  A gnoll (D:1)
  An ooze (D:2)
  4 worms
  A dart slug (D:1)
  4 leopard geckos
  6 orcs
  3 ball pythons
  15 bats
  5 giant cockroaches
  15 goblins
  13 hobgoblins
  4 jackals (D:1)
  9 kobolds
  2 quokkas
  5 frilled lizards
  A jackal skeleton (D:4)
  6 rats
109 creatures vanquished.

Notes
Turn   | Place    | Note
-------+----------+-------------------------------------------
     0 | D:1      | Grujah the Draconian Berserker began the quest for the Orb.
     0 | D:1      | Reached XP level 1. HP: 19/19 MP: 1/1
    59 | D:1      | Reached XP level 2. HP: 2/26 MP: 2/2
   834 | D:1      | Reached XP level 3. HP: 27/33 MP: 3/3
   909 | D:1      | Reached ** piety under Trog
  1090 | D:2      | Reached skill level 4 in Fighting
  1203 | D:2      | Reached XP level 4. HP: 14/40 MP: 4/4
  1627 | D:2      | Reached *** piety under Trog
  2070 | D:3      | Reached skill level 1 in Stealth
  2095 | D:3      | Reached XP level 5. HP: 18/47 MP: 5/5
  2366 | D:3      | Noticed Jessica
  2368 | D:3      | Killed Jessica
  3101 | D:4      | Reached skill level 1 in Shields
  3156 | D:4      | Found a staircase to the Ecumenical Temple.
  3169 | Temple   | Entered the Ecumenical Temple
  3257 | D:4      | Reached skill level 5 in Fighting
  3257 | D:4      | Reached XP level 6. HP: 47/56 MP: 6/6
  3302 | D:4      | Found an opulent altar of Gozag.
  3691 | D:4      | Slain by a scorpion

Skill      XL: |  1  2  3  4  5  6 |
---------------+-------------------+-----
Dodging        | 3 |  3.9
Fighting       | 4 5 |  5.4
Stealth        | 1 |  1.6
Maces & Flails | 4 |  4.9
Shields        | 1 2 |  2.3

Action                   |  1- 3 |  4- 6 || total
-------------------------+-------+-------++-------
Melee: Mace              |   110 |       ||   110
       Tailslap          |    15 |    41 ||    56
       Whip              |    16 |   154 ||   170
       Flail             |       |   103 ||   103
Invok: Berserk           |     4 |     5 ||     9
  Use: Potion            |     4 |     2 ||     6
       Scroll            |     3 |     9 ||    12
 Stab: Sleeping          |     2 |       ||     2
  Eat: Bread ration      |     1 |       ||     1
       Chunk             |       |    14 ||    14
Armor: Skin              |    52 |    64 ||   116
Dodge: Dodged            |   103 |   128 ||   231
Block: Buckler           |     9 |    37 ||    46
